 Dungeon Crawl Stone Soup version 0.26.1-11-gd32895ea62 (webtiles) character file.

Game seed: 1164267862692515244

4228 mankey1987 the Nimble (level 10, 0/138 HPs)
             Began as an Ogre Berserker on May 30, 2021.
             Was a High Priest of Trog.
             Slain by a hornet (11 damage)
             ... while paralysed by a hornet
             ... on level 8 of the Dungeon.
             The game lasted 00:14:25 (10902 turns).

mankey1987 the Nimble (Ogre Berserker)             Turns: 10902, Time: 00:14:25

Health: 0/138      AC:  5    Str: 23    XL:     10   Next: 30%
Magic:  10/10      EV:  1    Int:  8    God:    Trog [*****.]
Gold:   41         SH:  0    Dex: 17    Spells: 9/9 levels left

rFire    . . .     SeeInvis +   x - +2 flail (vorpal)
rCold    x . .     Faith    .   (no shield)
rNeg     + . .     Spirit   .   b - +2 animal skin
rPois    .         Reflect  .   (helmet restricted)
rElec    .         Harm     .   (no cloak)
rCorr    .         Rampage  .   (gloves unavailable)
Will     +++..                  (boots unavailable)
Stlth    ..........             (no amulet)
HPRegen  0.33/turn              a - ring "Rir Pipp" {rC- rN+ Will++ Dex+6 SInv}
MPRegen  0.12/turn              (no ring)

@: paralysed, berserking, slowed
A: large, unfitting armour, tough skin 1
a: Renounce Religion, Berserk, Trog's Hand, Brothers in Arms


You were on level 8 of the Dungeon.
You worshipped Trog.
Trog was extremely pleased with you.
You visited 1 branch of the dungeon, and saw 8 of its levels.
You also visited: Ossuary.

You collected 391 gold pieces.
You spent 350 gold pieces at shops.

Inventory:

Hand Weapons
 x - a +2 vorpal flail (weapon)
Armour
 b - a +2 animal skin (worn)
Jewellery
 a - the ring "Rir Pipp" (left hand) {rC- rN+ Will++ Dex+6 SInv}
   (You found it on level 4 of the Dungeon)

   [ring of dexterity]

   It affects your dexterity (+6).
   It makes you vulnerable to cold.
   It protects you from negative energy.
   It affects your willpower, your defense against some magical effects.
   It lets you see invisible.
Wands
 c - a wand of enslavement (5)
 f - a wand of paralysis (6)
 y - a wand of flame (19)
Scrolls
 h - 8 scrolls of remove curse
 i - 3 scrolls of fog
 l - 4 scrolls of magic mapping
 n - 2 scrolls of blinking
 o - 6 scrolls of teleportation
 p - a scroll of random uselessness
 q - 2 scrolls of identify
 z - a scroll of enchant armour
Potions
 d - 5 potions of brilliance
 e - a potion of flight
 g - 3 potions of heal wounds
 j - 6 potions of curing
 r - 2 potions of invisibility
 u - 4 potions of haste


   Skills:
 - Level 4.0 Fighting
 - Level 2.6 Maces & Flails
 + Level 13.2 Dodging


You had 9 spell levels left.
You didn't know any spells.
Your spell library was empty.

Dungeon Overview and Level Annotations

Branches:
Dungeon (8/15)             Temple (0/1) D:5         Ossuary (visited)
   Lair: D:8-11

Altars:
Fedhas
Nemelex Xobeh
Trog
Uskayaw
Vehumet
The Shining One

Shops:
D:4 (   D:5 =   D:6 =}   D:7 *


Innate Abilities, Weirdness & Mutations

You are too large for most types of armour.
You have tough skin. (AC +1)


Message History

A red film seems to cover your vision as you go berserk!
You feel yourself moving faster!
You feel mighty! The hornet stings you!!
* * * LOW HITPOINT WARNING * * *
You suddenly lose the ability to move!
The hornet stings you.
* * * LOW HITPOINT WARNING * * *
You feel as though you will be slow longer.
The hornet stings you but does no damage.
You can move again.
You closely miss the hornet.
The hornet is lightly wounded.
The hornet misses you.
You miss the hornet.
The hornet is lightly wounded.
The hornet stings you!
* * * LOW HITPOINT WARNING * * *
You suddenly lose the ability to move!
The hornet stings you!
* * * LOW HITPOINT WARNING * * *
You shrug off the repeated paralysis!
The hornet stings you!
You die...

.........##..####.....)...##...
.......####...........)...#....
##......##..#.###....).........
...........#####..............
.#.. .....#.##...............
.......#................
#........#...##........
#...#...###..####....._ ...
##@## ##..##....... . #y#
#..##....... #o# #......##...
#.. ##.....###.. ...
....##...#### ....
.....###.#### ####
..........##. .!.^...##...[
...... #.#..


You could see a hornet and an orc.

Vanquished Creatures
  A two-headed ogre (D:7)
  Pikel (D:4)
  Grinder (D:6)
  A steam dragon (D:8)
  Edmund (D:4)
  Menkaure (D:4)
  A water moccasin (D:8)
  2 sky beasts
  An orc warrior (D:8)
  3 centaurs
  An ogre (D:7)
  2 phantoms
  A lemure (D:4)
  An elf zombie (Ossuary)
  2 bullfrogs
  A gnoll sergeant (D:5)
  4 centaur zombies
  2 bullfrog zombies (D:5)
  A centaur skeleton (D:5)
  4 hounds
  A jelly (D:5)
  2 human zombies (Ossuary)
  3 orc priests
  Natasha (thrice) (D:4)
  6 orc wizards
  2 iguanas
  4 worker ants
  A hound zombie (D:6)
  A hound skeleton (D:6)
  2 mummies (Ossuary)
  9 gnolls
  18 adders
  A shadow imp (D:5)
  2 white imps
  2 ufetubi
  3 oozes
  2 adder zombies
  2 worms
  3 dart slugs
  8 leopard geckos
  31 orcs
  3 ball pythons
  8 giant cockroaches
  5 goblins
  10 hobgoblins
  2 jackals (D:6)
  7 bats
  5 frilled lizards
  2 goblin zombies (Ossuary)
  11 hobgoblin zombies (Ossuary)
  A jackal skeleton (D:5)
  A jackal zombie (Ossuary)
  7 kobolds
  7 kobold zombies (Ossuary)
  A leopard gecko zombie (D:5)
  8 orc zombies (Ossuary)
  2 quokka skeletons (D:5)
  8 rats
  A rat zombie (Ossuary)
227 creatures vanquished.

Vanquished Creatures (others)
  2 fungi (D:4)
  4 plants (D:4)
6 creatures vanquished.

Grand Total: 233 creatures vanquished

Notes
Turn   | Place    | Note
-------+----------+-------------------------------------------
     0 | D:1      | mankey1987 the Ogre Berserker began the quest for the Orb.
     0 | D:1      | Reached XP level 1. HP: 24/24 MP: 1/1
   234 | D:1      | Reached skill level 3 in Dodging
   369 | D:1      | Reached XP level 2. HP: 26/32 MP: 2/2
  1130 | D:1      | HP: 2/48 [kobold/+0 short sword (3)]
  1757 | D:2      | Reached XP level 3. HP: 37/39 MP: 3/3
  1972 | D:2      | Reached skill level 4 in Dodging
  2101 | D:2      | Reached ** piety under Trog
  2102 | D:2      | Reached XP level 4. HP: 48/48 MP: 4/4
  2664 | D:2      | Reached skill level 5 in Dodging
  2683 | D:2      | Reached XP level 5. HP: 34/54 MP: 5/5
  3496 | D:3      | Reached XP level 6. HP: 62/62 MP: 6/6
  3622 | D:3      | Reached skill level 6 in Dodging
  3744 | D:3      | Found a glowing golden altar of the Shining One.
  4456 | D:4      | Noticed Menkaure
  4463 | D:4      | Killed Menkaure
  4556 | D:4      | Got a transparent iron ring
  4557 | D:4      | Identified the ring "Rir Pipp" {rC- rN+ Will++ Dex+6 SInv}
                  | (You found it on level 4 of the Dungeon)
  4600 | D:4      | Noticed Pikel
  4611 | D:4      | Killed Pikel
  4612 | D:4      | Reached skill level 8 in Dodging
  4612 | D:4      | Reached XP level 7. HP: 70/70 MP: 7/7
  4612 | D:4      | Reached XP level 8. HP: 78/78 MP: 8/8
  4765 | D:4      | Found a radiant altar of Vehumet.
  4914 | D:4      | Reached *** piety under Trog
  5204 | D:4      | Found Puasusch's Antique Weapon Boutique.
  5214 | D:4      | Reached skill level 9 in Dodging
  5240 | D:4      | Noticed Natasha
  5241 | D:4      | Found a blossoming altar of Fedhas.
  5245 | D:4      | Killed Natasha
  5301 | D:4      | Noticed Natasha
  5312 | D:4      | Killed Natasha
  5490 | D:4      | Noticed Natasha
  5499 | D:4      | Killed Natasha
  5547 | D:4      | Noticed Edmund
  5559 | D:4      | Killed Edmund
  5826 | D:5      | Entered Level 5 of the Dungeon
  5826 | D:5      | Found Dagunt's Jewellery Emporium.
  6037 | D:5      | Found a staircase to the Ecumenical Temple.
  6150 | D:5      | Reached skill level 10 in Dodging
  6436 | D:5      | Reached **** piety under Trog
  6878 | D:5      | Reached XP level 9. HP: 79/84 MP: 9/9
  7097 | D:6      | Found Koekaopn's Gadget Emporium.
  7420 | D:6      | Found a sparkling altar of Nemelex Xobeh.
  7420 | D:6      | Found a blossoming altar of Fedhas.
  7541 | D:6      | Reached skill level 11 in Dodging
  7750 | D:6      | Identified the Tome of the Nocuous Escort
  8029 | D:6      | Noticed Grinder
  8052 | D:6      | Killed Grinder
  8363 | D:6      | Found Kuig's Jewellery Shoppe.
  8366 | D:6      | Bought the ring "Fopsuet" {*Slow rPois rN+ Int+3} for 350
                  | gold pieces
  8875 | D:7      | Found Kes Arin's General Store.
  9365 | D:7      | Found a sand-covered staircase.
  9377 | Ossuary  | Entered an ossuary
  9478 | Ossuary  | Reached skill level 12 in Dodging
  9803 | Ossuary  | Reached ***** piety under Trog
 10039 | D:8      | Noticed a two-headed ogre
 10152 | D:7      | Killed a two-headed ogre
 10153 | D:7      | Reached skill level 13 in Dodging
 10153 | D:7      | Reached XP level 10. HP: 57/92 MP: 10/10
 10432 | D:8      | Found a bloodstained altar of Trog.
 10672 | D:8      | Found a hide-covered altar of Uskayaw.
 10899 | D:8      | Paralysed by a hornet for 1 turns
 10901 | D:8      | Paralysed by a hornet for 3 turns
 10902 | D:8      | Slain by a hornet

Illustrated notes

Levels and vault maps discovered:
D:1:      shiori_arrival_maze, layout_basic, dk_noncrumbling_3
D:2:      layout_basic, st_stairs_5, minmay_misc_feat_encased
D:3:      layout_basic, lemuel_coloured_pillars_altar, corexii_hall_statues_x
D:4:      layout_loops_cross, nicolae_overflow_hidden_temple, serial_shops,
          shop, st_stairs_11, fedhas_altar_3, uniq_edmund, uniq_pikel,
          uniq_menkaure, uniq_natasha
D:5:      layout_cave_pools, minmay_temple_entry_large_hall, serial_shops, shop,
          palyth_stone_intersect, lightli_minifort
D:6:      layout_gridville, grunt_temple_overflow_open, serial_shops,
          kennysheep_mini_moat, nicolae_shop_stone, uniq_grinder
D:7:      layout_loops_ring, enter_ossuary_1, serial_shops, shop_fountains,
          kennysheep_generic_room_3
D:8:      layout_cave_pools, dancing_weapons_uskayaw,
          lemuel_mausoleum_altar_kikubaaqudgha, bloody_trog

Skill      XL: |  1  2  3  4  5  6  7  8  9 |
---------------+----------------------------+-----
Dodging        | 3 4 5 8 10 13 | 13.2
Fighting       | |  4.0
Maces & Flails | |  2.6

Action                   |  1- 3 |  4- 6 |  7- 9 | 10-12 || total
-------------------------+-------+-------+-------+-------++-------
Melee: Mace              |   117 |   138 |       |       ||   255
       Flail             |       |    41 |   453 |    45 ||   539
Invok: Berserk           |     4 |     3 |     8 |     3 ||    18
       Trog's Hand       |       |     2 |       |       ||     2
  Use: Scroll            |       |     6 |     6 |       ||    12
       Potion            |       |       |    12 |     1 ||    13
 Stab: Sleeping          |       |     1 |     3 |       ||     4
Armor: Animal skin       |    30 |    63 |    92 |    11 ||   196
Dodge: Dodged            |    60 |   145 |   459 |    52 ||   716
